 Dungeon Crawl Stone Soup version 0.29-a0-416-g83a48905f1 (webtiles) character file.

Game seed: 11170620658011567684

62 pokeman the Magician (level 3, -1/20 HPs)
             Began as a Deep Elf Hedge Wizard on May 17, 2022.
             Slain by an adder (2 damage)
             ... on level 2 of the Dungeon.
             The game lasted 00:02:33 (2059 turns).

pokeman the Magician (Deep Elf Hedge Wizard)        Turns: 2059, Time: 00:02:34

Health: -1/20      AC:  3    Str:  7    XL:     3   Next: 85%
Magic:  0/11       EV: 12    Int: 20    God:
Gold:   98         SH:  0    Dex: 14    Spells: 1/12 levels left

rFire   . . .      SeeInvis .   e - +0 spear
rCold   . . .      Faith    .   (no shield)
rNeg    . . .      Spirit   .   a - +0 leather armour
rPois   .          Reflect  .   c - +0 hat
rElec   .          Harm     .   (no cloak)
rCorr   .          Rampage  .   (no gloves)
Will    .....                   (no boots)
Stlth   ++........              (no amulet)
HPRegen 0.06/turn               (no ring)
MPRegen 0.12/turn               (no ring)

@: lethally poisoned (-1 -> -3), very slightly contaminated
A: no striking features
a: no special abilities


You were on level 2 of the Dungeon.
You visited 1 branch of the dungeon, and saw 2 of its levels.

You collected 98 gold pieces.

Inventory:

Hand Weapons
 e - a +0 spear (weapon)
Armour
 a - a +0 leather armour (worn)
 c - a +0 hat (worn)
Scrolls
 b - 4 scrolls of identify {unknown}
 g - a scroll of fear {unknown}
 h - 2 scrolls of enchant armour {unknown}
 k - 2 scrolls of teleportation {unknown}
Potions
 d - a potion of magic
 f - a potion of lignification {unknown}
 i - 3 potions of curing {unknown}
 j - a potion of cancellation {unknown}


   Skills:
 - Level 1.0 Fighting
 - Level 1.0 Armour
 + Level 2.5 Dodging
 - Level 2.4 Stealth
 * Level 5.4 Spellcasting
 + Level 2.0 Conjurations
 - Level 1.1 Summonings
 - Level 1.1 Translocations
 + Level 0.2 Fire Magic


You had one spell level left.
You knew the following spells:

 Your Spells              Type           Power      Damage    Failure   Level
a - Magic Dart            Conj           52%        1d5       7%          1
b - Mephitic Cloud        Conj/Pois/Air  8%         N/A       36%         3
c - Call Imp              Summ           9%         N/A       16%         2
d - Blink                 Tloc           18%        N/A       16%         2
e - Conjure Flame         Conj/Fire      10%        6-21      30%         3

Your spell library contained the following spells:

 Spells                   Type           Power      Damage    Failure   Level
 Slow                     Hex            20%        N/A       16%         1
 Sublimation of Blood     Necr           5%         N/A       24%         2
 Wereblood                Tmut           5%         N/A       24%         2
 Ignite Poison            Fire/Tmut/Pois 5%         N/A       43%         3
 Summon Forest            Summ/Tloc      4%         N/A       96%         5
 Freezing Cloud           Conj/Ice/Air   4%         6-21      98%         5
 Eringya's Noxious Bog    Tmut/Pois      2%         N/A       100%        6
 Summon Hydra             Summ           4%         N/A       100%        7


Dungeon Overview and Level Annotations

Branches:
Dungeon (2/15)

Altars:


Message History

Aim: an adder (moderately wounded, 100% to hit)
You miscast Magic Dart.
Nothing appears to happen.
The adder bites you.
You are poisoned.
The adder poisons you! The quokka bites you. The adder barely misses you.
Casting: Magic Dart (safe; 7% risk of failure)
Confirm with . or Enter, or press ? or * to list all spells.
Aiming: Magic Dart (safe; 7% risk of failure)
Press: ? - help, Shift-Dir - straight line, f/p - adder
Aim: an adder (moderately wounded, 100% to hit)
You miscast Magic Dart.
Nothing appears to happen.
You feel sick. The adder misses you. The quokka bites you.
Casting: Magic Dart (safe; 7% risk of failure)
Confirm with . or Enter, or press ? or * to list all spells.
Aiming: Magic Dart (safe; 7% risk of failure)
Press: ? - help, Shift-Dir - straight line, f/p - adder
Aim: an adder (moderately wounded, 100% to hit)
The magic dart hits the adder.
The adder is severely wounded.
You feel sick. The adder barely misses you. The quokka bites you.
* * * LOW HITPOINT WARNING * * *
Casting: Magic Dart (safe; 7% risk of failure)
Confirm with . or Enter, or press ? or * to list all spells.
Aiming: Magic Dart (safe; 7% risk of failure)
Press: ? - help, Shift-Dir - straight line, f/p - adder
Aim: an adder (severely wounded, 100% to hit)
The magic dart hits the adder.
The adder is severely wounded.
* * * LOW HITPOINT WARNING * * *
You feel sick. The adder closely misses you. The quokka closely misses you.
The adder barely misses you.
Casting: Magic Dart (safe; 7% risk of failure)
Confirm with . or Enter, or press ? or * to list all spells.
Aiming: Magic Dart (safe; 7% risk of failure)
Press: ? - help, Shift-Dir - straight line, f/p - adder
Aim: an adder (severely wounded, 100% to hit)
The magic dart hits the adder.
The adder is almost dead.
* * * LOW HITPOINT WARNING * * *
You feel sick. The quokka closely misses you. The adder bites you.
You die...

....# #.. ....###..
.... ..# ..........
#.$ #..# ##.####..#
#.#.. ... ##.# #..#
#.... ... ##.####..#
#.#.##.# ......#..#
#.#....# .#.......#
#...S..#
##.......#####..@r..#
.......#............#
# .#...#....###.....#
##.#................#
...#...#.##.#########
.#.#.....##.#
...#...#.##.#
.#.#...#.##.#
.......#.##.#


You could see an adder and a quokka.

Vanquished Creatures
  A jelly (D:2)
  4 ball pythons
  2 endoplasms (D:2)
  5 giant cockroaches
  A goblin (D:2)
  A hobgoblin (D:1)
  4 jackals (D:2)
  3 bats
  2 frilled lizards
  6 kobolds
29 creatures vanquished.

Notes
Turn   | Place    | Note
-------+----------+-------------------------------------------
     0 | D:1      | pokeman the Deep Elf Hedge Wizard began the quest for the
                  | Orb.
     0 | D:1      | Reached XP level 1. HP: 10/10 MP: 7/7
   397 | D:1      | Reached XP level 2. HP: 16/16 MP: 2/9
  1437 | D:2      | Reached skill level 1 in Fighting
  1437 | D:2      | Reached skill level 1 in Armour
  1437 | D:2      | Reached skill level 5 in Spellcasting
  1437 | D:2      | Reached XP level 3. HP: 9/20 MP: 4/11
  1441 | D:2      | Learned a level 3 spell: Mephitic Cloud
  1444 | D:2      | Learned a level 2 spell: Call Imp
  1447 | D:2      | Learned a level 2 spell: Blink
  1451 | D:2      | Learned a level 3 spell: Conjure Flame
  2059 | D:2      | HP: 1/20 [poisoned by an adder]
  2059 | D:2      | Slain by an adder

Illustrated notes

Levels and vault maps discovered:
D:1:      onia_arrival_mini_maze_b, layout_basic, serial_glass, glass_columns_b,
          glass_columns_a
D:2:      layout_basic

Skill      XL: |  1  2 |
---------------+-------+-----
Fighting       | 1 |  1.0
Armour         | 1 |  1.0
Spellcasting   | 5 |  5.4
Conjurations   | 2 |  2.0
Dodging        | |  2.5
Stealth        | |  2.4
Summonings     | |  1.1
Translocations | |  1.1
Fire Magic     | |  0.2

Action                   || total
-------------------------++-------
Melee: Spear             ||    18
 Cast: Magic Dart        ||    84
Armor: Leather armour    ||     6
Dodge: Dodged            ||    37

Table legend: (Time is in decaauts)
 A = Elapsed time spent in this place.
 B = Non-inter-level travel time spent in this place.
 C = Inter-level travel time spent in this place.
 D = Time resting spent in this place.
 E = Time spent auto-exploring this place.
 F = Levels seen in this place.
 G = Mean time per level.
                   A        B        C        D        E       F      G
               +--------+--------+--------+--------+--------+-----+--------+
         Total |   2060 |   2053 |      7 |      0 |   1839 |   2 | 1030.0 |
       Dungeon |   2060 |   2053 |      7 |      0 |   1839 |   2 | 1030.0 |
               +--------+--------+--------+--------+--------+-----+--------+

Top non-repeatable levels by time:
     D:2: 1195 daAuts
     D:1: 864 daAuts
